Map: King's Cove LE

Players

SandboX - Winner!

  • Race: Zerg Zerg
  • Spawn Location: 11:00

VOD

Have the link to the VOD?

Description

Time

  • Played on: Aug. 10, 2019, 1:10 p.m.
  • Length: 11:19
Show
View Real Time Build Order
Export as new Build Order

SandboX Zerg - Winner!

Build Orders:  

Get SALT Encoding   

  12  0:01  Drone  
  13  0:22  Overlord  
  13  0:36  Drone  
  14  0:47  Drone  
  14  0:48  Drone  
  16  0:52  Drone  
  17  1:22  Drone  
  17  1:26  Drone  
  17  1:28  Hatchery  
  18  1:38  Drone  
  19  1:41  Extractor  
  18  1:55  Spawning Pool  
  17  2:00  Drone  
  17  2:09  Drone  
  19  2:27  Overlord  
  19  2:42  Drone  
  20  3:10  Zergling x2  
  20  3:11  Zergling x4  
  20  3:13  Queen x2  
  27  3:25  Drone x2  
  29  3:38  Drone  
  30  3:56  Hatchery  
  30  3:58  Metabolic Boost  
  29  4:16  Drone x5  
  34  4:26  Baneling Nest  
  33  4:39  Zergling x2  
  34  4:40  Zergling x4  
  36  4:58  Overlord x3  
  36  5:23  Zergling x8  
  36  5:24  Zergling x4  
  36  5:28  Baneling x2  
  36  5:29  Baneling x3  
  42  5:30  Baneling  
  42  5:44  Zergling x10  
  47  6:22  Queen  
  47  6:28  Zergling x20  
  57  6:57  Zergling x16  
  57  7:18  Zergling x2  
  57  7:19  Zergling x12  
  64  7:26  Overlord  
  64  7:30  Baneling x2  
  64  7:31  Baneling  
  64  7:32  Baneling  
  64  7:43  Zergling x4  
  64  7:46  Overlord  
  62  8:19  Zergling x2  
  58  8:20  Zergling x18  
  63  8:30  Zergling x6  
  61  8:40  Overlord  
  58  8:55  Zergling x8  
  58  8:56  Zergling x2  
  58  9:19  Baneling  
  55  9:20  Baneling x4  
  48  9:44  Zergling x18  
  48  9:45  Zergling x4  
  44  10:05  Zergling x16  
  51  10:16  Overlord  
  47  10:52  Zergling x24  
  47  10:59  Baneling  
Tags
 
Add a new tag
Caveats
  • Supply blocks, unpowered buildings, or Contaminate may cause inaccurate times.
  • Supply counts are checked every 10 seconds.